 Dungeon Crawl Stone Soup version 0.28-a0-476-g0f06bd746f (webtiles) character file.

Game seed: 7022295399845222072

211 siradein the Skirmisher (level 5, -6/42 HPs)
             Began as a Demonspawn Fighter on Sept 17, 2021.
             Mangled by Edmund (8 damage)
             ... on level 3 of the Dungeon.
             The game lasted 00:04:32 (2821 turns).

siradein the Skirmisher (Demonspawn Fighter)        Turns: 2821, Time: 00:04:32

Health: -6/42      AC: 11    Str: 17    XL:     5   Next: 57%
Magic:  5/5        EV:  7    Int:  9    God:
Gold:   148        SH:  5    Dex: 13    Spells: 4/4 levels left

rFire   . . .      SeeInvis +   a - +0 long sword
rCold   . . .      Faith    .   c - +0 buckler
rNeg    . . .      Spirit   .   j - +0 chain mail
rPois   .          Reflect  .   (helmet restricted)
rElec   .          Harm     .   (no cloak)
rCorr   .          Rampage  .   (no gloves)
Will    .....                   (no boots)
Stlth   ..........              k - amulet of the acrobat
HPRegen 0.14/turn               m - ring of see invisible
MPRegen 0.09/turn               (no ring)

@: mighty
A: antennae 1, thin metallic scales 1, powered by pain 1
a: no special abilities


You were on level 3 of the Dungeon.
You visited 1 branch of the dungeon, and saw 4 of its levels.

You collected 148 gold pieces.

Inventory:

Hand Weapons
 a - a +0 long sword (weapon)
Armour
 c - a +0 buckler (worn)
 j - a +0 chain mail (worn)
Jewellery
 k - an amulet of the acrobat (around neck)
 m - a ring of see invisible (left hand)
Wands
 l - a wand of flame (22)
Scrolls
 b - a scroll of vulnerability {unknown}
 e - a scroll of teleportation {unknown}
 f - 2 scrolls of amnesia {unknown}
 g - 4 scrolls of identify {unknown}
 h - a scroll of enchant armour {unknown}
 i - a scroll of fear {unknown}


   Skills:
 + Level 4.1 Fighting
 + Level 3.0 Long Blades
 + Level 3.6 Armour
 + Level 3.7 Shields


You had 4 spell levels left.
You didn't know any spells.
Your spell library contained the following spells:

 Spells                   Type           Power      Damage    Failure   Level
 Summon Small Mammal      Summ           0%         N/A       99%         1
 Call Canine Familiar     Summ           0%         N/A       100%        3
 Summon Guardian Golem    Hex/Summ       0%         N/A       100%        3


Dungeon Overview and Level Annotations

Branches:
Dungeon (4/15)
 Temple: D:4-7

Altars:
Vehumet

Annotations:
D:3 Edmund


Innate Abilities, Weirdness & Mutations

You have a pair of small antennae on your head.
You are partially covered in thin metallic scales. (AC +2)
You sometimes gain a little power by taking damage.


Message History

You climb upwards.
There is a stone staircase leading down here.
Edmund closely misses you.
There is an escape hatch in the floor here.
Edmund grinds his teeth, and then sighs.
Edmund says, "You wouldn't believe how much I paid for this flail."
Edmund barely misses you.
There is an escape hatch in the floor here.
You feel very mighty all of a sudden. Edmund hits you but does no damage.
You hit Edmund.
Edmund is severely wounded.
Edmund hits you but does no damage.
Edmund hits you with a +1 flail of protection.
You barely miss Edmund.
Edmund is severely wounded.
Edmund hits you with a +1 flail of protection.
* * * LOW HITPOINT WARNING * * *
You hit Edmund but do no damage.
Edmund is severely wounded.
Edmund hits you but does no damage.
You closely miss Edmund.
Edmund is severely wounded.
Edmund hits you with a +1 flail of protection.
* * * LOW HITPOINT WARNING * * *
You hit Edmund.
Edmund is severely wounded.
Edmund hits you but does no damage. Edmund barely misses you.
You hit Edmund.
Edmund is severely wounded.
Edmund hits you with a +1 flail of protection.
* * * LOW HITPOINT WARNING * * *
You hit Edmund but do no damage.
Edmund is severely wounded.
Edmund hits you with a +1 flail of protection!
* * * LOW HITPOINT WARNING * * *
You closely miss Edmund.
Edmund is severely wounded.
Edmund hits you with a +1 flail of protection!
You die...

##### ##...## ##.....##
##.......##
#.......>.##############
#...........@@........)#
#.........############.#
##.......## #.#
##.....## #.# ##...##
#># ## ##.## #.# #. #.#
##### #.# #. #.# ##...##
#.# #. #.#
#.###.######.## #.


You could see Edmund.

Vanquished Creatures
  A black bear (D:2)
  6 adders
  A worm (D:3)
  3 dart slugs
  An orc (D:4)
  5 bats
  6 endoplasms
  2 giant cockroaches
  6 goblins
  5 hobgoblins
  3 jackals (D:1)
  2 quokkas (D:2)
  4 ball pythons
  A frilled lizard (D:1)
  7 kobolds
  5 rats
58 creatures vanquished.

Notes
Turn   | Place    | Note
-------+----------+-------------------------------------------
     0 | D:1      | siradein the Demonspawn Fighter began the quest for the
                  | Orb.
     0 | D:1      | Reached XP level 1. HP: 18/18 MP: 1/1
   103 | D:1      | Found a faded altar of an unknown god.
   329 | D:1      | Gained mutation: You have a pair of small antennae on your
                  | head. [demonic ancestry]
   329 | D:1      | Reached XP level 2. HP: 20/24 MP: 2/2
   959 | D:2      | Noticed a black bear
   969 | D:2      | Killed a black bear
   970 | D:2      | Gained mutation: You are partially covered in thin metallic
                  | scales. (AC +2) [demonic ancestry]
   970 | D:2      | Reached XP level 3. HP: 8/30 MP: 3/3
   970 | D:2      | Gained mutation: You sometimes gain a little power by
                  | taking damage. [demonic ancestry]
   970 | D:2      | Reached XP level 4. HP: 10/37 MP: 4/4
  1333 | D:2      | Reached XP level 5. HP: 38/42 MP: 5/5
  1929 | D:3      | Found a radiant altar of Vehumet.
  1947 | D:3      | Reached skill level 4 in Fighting
  2658 | D:4      | Noticed Edmund
  2820 | D:3      | HP: 2/42 [Edmund (7)]
  2821 | D:3      | Mangled by Edmund

Illustrated notes

Levels and vault maps discovered:
D:1:      giann_horns, layout_loops_ring,
          hellmonk_ecumenical_altar_pennies_from_heaven
D:2:      layout_loops_cross, minmay_tromino_v2
D:3:      layout_loops_ring, vehumet_altar_wand_db
D:4:      layout_loops_cross, lemuel_crystal_altar,
          mainiacjoe_overflow_cross_hatched, gammafunk_temple_overflow_statue,
          chequers_serial_rivers_small_3, kennysheep_generic_room_15,
          uniq_edmund

Skill      XL: |  1  2  3  4  5 |
---------------+----------------+-----
Long Blades    | 2 3 |  3.0
Shields        | 3 |  3.7
Armour         | 3 |  3.6
Fighting       | 4 |  4.1

Action                   |  1- 3 |  4- 6 || total
-------------------------+-------+-------++-------
Melee: Long sword        |    62 |   140 ||   202
  Use: Potion            |       |     1 ||     1
Armor: Scale mail        |    18 |       ||    18
       Chain mail        |    41 |    93 ||   134
Dodge: Dodged            |    36 |    42 ||    78
Block: Buckler           |    24 |    28 ||    52

Table legend: (Time is in decaauts)
 A = Elapsed time spent in this place.
 B = Non-inter-level travel time spent in this place.
 C = Inter-level travel time spent in this place.
 D = Time resting spent in this place.
 E = Time spent auto-exploring this place.
 F = Levels seen in this place.
 G = Mean time per level.
                   A        B        C        D        E       F      G
               +--------+--------+--------+--------+--------+-----+--------+
         Total |   2878 |   2786 |     92 |      0 |   2169 |   4 |  719.5 |
       Dungeon |   2878 |   2786 |     92 |      0 |   2169 |   4 |  719.5 |
               +--------+--------+--------+--------+--------+-----+--------+

Top non-repeatable levels by time:
     D:2: 1024 daAuts
     D:1: 763 daAuts
     D:3: 755 daAuts
     D:4: 334 daAuts
